 Dungeon Crawl Stone Soup version 0.23-a0-319-gb40ba49 (webtiles) character file.

2 Amnesiac the Digger (level 1, 0/15 HPs)
             Began as a Deep Dwarf Earth Elementalist on Oct 15, 2018.
             Slain by a kobold
             ... wielding a +0 whip
              (6 damage)
             ... on level 1 of the Dungeon.
             The game lasted 00:00:23 (98 turns).

Amnesiac the Digger (Deep Dwarf Earth Elementalist)   Turns: 98, Time: 00:00:24

Health: 0/15       AC:  3    Str: 11    XL:     1   Next: 25%
Magic:  3/3        EV: 12    Int: 15    God:
Gold:   0          SH:  0    Dex: 13    Spells: 2/3 levels left

rFire    . . .     SeeInvis .   f - +0 short sword
rCold    . . .     Gourm    .   (no shield)
rNeg     . . .     Faith    .   e - +0 leather armour
rPois    .         Spirit   .   (no helmet)
rElec    .         Reflect  .   (no cloak)
rCorr    .         Harm     .   (no gloves)
MR       .....                  (no boots)
Stlth    ++........             (no amulet)
HPRegen  0.00/turn              (no ring)
MPRegen  0.08/turn              (no ring)

@: non-regenerating
A: damage resistance, heal wounds, sense surroundings 1, no regeneration
a: Heal Wounds


You were on level 1 of the Dungeon.
You were not hungry.

You visited 1 branch of the dungeon, and saw 1 of its levels.

Inventory:

Hand Weapons
 f - a +0 short sword (weapon)
Missiles
 b - 29 stones (quivered)
Armour
 e - a +0 leather armour (worn)
Potions
 a - 2 potions of cancellation {!q, unknown}
Comestibles
 d - 2 rations
 g - a chunk of flesh


   Skills:
 - Level 2.1 Dodging
 - Level 2.4 Stealth
 + Level 1.8 Spellcasting
   Level 0.8 Transmutations
 * Level 4.1 Earth Magic


You had 2 spell levels left.
You knew the following spells:

 Your Spells              Type           Power        Failure   Level  Hunger
a - Sandblast             Erth           ##....       5%          1    ##.....

Your spell library contained the following spells:

 Spells                   Type           Power        Failure   Level  Hunger
 Passwall                 Tmut/Erth      #.......     16%         2    ###....
 Stone Arrow              Conj/Erth      #.....       36%         3    ####...
 Petrify                  Tmut/Erth      #.......     71%         4    #####..
 Lee's Rapid Deconstruct  Erth           ##........   83%         5    ######.


Dungeon Overview and Level Annotations

Branches:
Dungeon (1/15)

Altars:


Innate Abilities, Weirdness & Mutations

You are resistant to damage.
You can heal yourself by infusing magical energy.
You passively map a small area around you.
You do not regenerate.


Message History

You closely miss the frilled lizard. The frilled lizard barely misses you.
You barely miss the frilled lizard. The frilled lizard barely misses you.
The frilled lizard bites you.
You hit the frilled lizard.
The frilled lizard is heavily wounded.
The frilled lizard bites you.
You miss the frilled lizard. The frilled lizard barely misses you.
You barely miss the frilled lizard. The frilled lizard closely misses you.
You closely miss the frilled lizard. The frilled lizard closely misses you.
You barely miss the frilled lizard. The frilled lizard bites you.
You hit the frilled lizard.
You kill the frilled lizard!
You see here a frilled lizard corpse.
You see here a frilled lizard corpse.
You butcher the frilled lizard corpse.
g - a chunk of flesh You see here a frilled lizard skeleton.
Wear which item? (? for menu, Esc to quit)
You start removing your armour.
You continue taking off your +0 robe. x4
You finish taking off your +0 robe.
You start putting on your armour.
You continue putting on your leather armour. x5
You finish putting on your +0 leather armour.
Drop what? 7/52 slots (_ for help) (? for menu, Esc to quit)
You drop a +0 robe.
A kobold comes into view.
A kobold is nearby!
The kobold shouts!
You see here a club.
A leopard gecko comes into view.
You hit the kobold.
The kobold is severely wounded.
The kobold barely misses you.
You closely miss the kobold.
The kobold is severely wounded.
The kobold hits you.
You hit the kobold but do no damage.
The kobold is severely wounded.
The kobold misses you.
A giant cockroach comes into view.
The kobold hits you but does no damage.
The giant cockroach bites you but does no damage.
You completely miss the leopard gecko.
The leopard gecko bites you but does no damage.
The giant cockroach barely misses you. The leopard gecko bites you.
A kobold comes into view. It is wielding a whip.
The giant cockroach bites you but does no damage.
You hit the leopard gecko but do no damage.
The giant cockroach bites you but does no damage.
The leopard gecko bites you. The giant cockroach bites you.
You barely miss the leopard gecko.
The kobold shouts!
The leopard gecko bites you. The giant cockroach bites you.
The giant cockroach bites you. The leopard gecko closely misses you.
Found a stone staircase leading down.
You barely miss the giant cockroach. The giant cockroach bites you.
The leopard gecko bites you.
* * * LOW HITPOINT WARNING * * *
The kobold throws a stone.
The stone hits you but does no damage.
The leopard gecko hisses menacingly.
The kobold throws a stone.
The stone hits you but does no damage. The giant cockroach barely misses you.
The kobold hits you with a whip!
You die...

≈≈≈#.#..........#*.# *
≈≈≈#............##.# *
#≈≈#...............##
≈≈≈#................# *
* *
≈≈##.......#####.##.....
, , ###......[.##.##.#
...
...........##.##.###.#..
###.....†..##.##........
* #........##.##@##,.###
,
*##.#####.##.##sK#.....
, *P#.# #.##.##.l..#* **
#.#.#. *#.#####K..## *
...#.#P.,#)....(...# *
##.#.#####..##..#..# * *
#........##..#.>...,,
#######..##..##.####*
.P.P..#..##..# .#


You could see a leopard gecko, a giant cockroach and 2 kobolds.

Vanquished Creatures
  A kobold (D:1)
  A frilled lizard (D:1)
2 creatures vanquished.

Notes
Turn   | Place    | Note
-------+----------+-------------------------------------------
     0 | D:1      | Amnesiac the Deep Dwarf Earth Elementalist began the quest
                  | for the Orb.
     0 | D:1      | Reached XP level 1. HP: 15/15 MP: 3/3
    98 | D:1      | Slain by a kobold

Vault maps used:
D:1:      saegor_arrival_miasma, serial_aquarium, aquarium_bridge_square,
          aquarium_window_2, aquarium_window_2, aquarium_view_2c,
          aquarium_view_2f, aquarium_pool_side, minmay_misc_feat_diagonals

Action                   || total
-------------------------++-------
Melee: Short sword       ||    16
 Cast: Sandblast         ||     1
Armor: Leather armour    ||     5
Dodge: Dodged            ||    10

Table legend:
 A = Non-vault XP
 B = Vault XP
 C = Vault XP percentage of total XP
 D = Non-vault monster count
 E = Vault monster count
 F = Vault count percentage of total count
                 A         B        C        D         E       F
            +---------+---------+-------+---------+---------+-------
      Total |       3 |       0 |   0.0 |       2 |       0 |   0.0
            +---------+---------+-------+---------+---------+-------
        D:1 |       3 |       0 |   0.0 |       2 |       0 |   0.0
            +---------+---------+-------+---------+---------+-------
